R - U22
SEDONA STEERS @ YUMA GNOMES
07/31/2053
 
TOP OF THE 1ST
Sedona Steers batting - Pitching for Yuma Gnomes : LHP Mike Comer
Pitching: LHP Mike Comer
Batting: LHB Delmar Gamino 0-0: Foul Ball, location: 2F
0-1: Ball
1-1: Foul Ball, location: 2F
1-2: Strikes out looking
Batting: RHB Jed Kelley 0-0: Called Strike
0-1: Foul Ball, location: 2F
0-2: Ball
1-2: Ball
2-2: Foul Ball, location: 2F
2-2: Foul Ball, location: 2F
2-2: Ground out 5-3 (Groundball, 56, EV 88.1 MPH)
Batting: LHB Roberto Casacos 0-0: Ball
1-0: Hit by Pitch
Batting: RHB Angel Fregoso Pickoff Throw to First - Error! E1
Roberto Casacos to second
0-0: Reached via error on a dropped throw from 1B, E1 (Groundball, 34S, EV 83.8 MPH)
Roberto Casacos to third
Batting: RHB Adam Taylor 0-0: SINGLE (Flyball, 8LS, EV 89.4 MPH)
Roberto Casacos scores
Angel Fregoso to second
Batting: LHB Beau Clair 0-0: Fly out, F9 (Flyball, 9S, EV 86.9 MPH)
Top of the 1st over - 1 run, 1 hit, 2 errors, 2 left on base; Sedona 1 - Yuma 0
BOTTOM OF THE 1ST
Yuma Gnomes batting - Pitching for Sedona Steers : RHP Yoely Castillo
Pitching: RHP Yoely Castillo
Batting: RHB Sid Arriones 0-0: Ball
1-0: Swinging Strike
1-1: DOUBLE (Groundball, 3L, EV 100.6 MPH)
Batting: SHB Erinyo Corral 0-0: Ball
1-0: Swinging Strike
1-1: Foul Ball, location: 2F
1-2: Ground out 5-3 (Groundball, 25, EV 78.8 MPH)
Batting: RHB B.J. Trempe 0-0: Called Strike
0-1: Foul Ball, location: 2F
0-2: DOUBLE (Flyball, 7LM, EV 100.0 MPH)
Sid Arriones scores
Batting: RHB Adan Romero 0-0: Ball
1-0: Ball
2-0: Called Strike
2-1: Ball
3-1: Ground out 6-3 (Groundball, 6, EV 97.5 MPH)
Batting: SHB Riley Knotts 0-0: Ball
1-0: Ball
2-0: Ball
3-0: Called Strike
3-1: Foul Ball, location: 2F
3-2: Foul Ball, location: 2F
3-2: Base on Balls
Batting: RHB Buzz Smith 0-0: Ball
1-0: Called Strike
1-1: Ball
2-1: Ball
3-1: Base on Balls
B.J. Trempe to third
Riley Knotts to second
Batting: LHB R.J. Scott 0-0: Ball
1-0: Swinging Strike
1-1: Ball
2-1: Called Strike
2-2: Strikes out swinging
Bottom of the 1st over - 1 run, 2 hits, 0 errors, 3 left on base; Sedona 1 - Yuma 1
TOP OF THE 2ND
Sedona Steers batting - Pitching for Yuma Gnomes : LHP Mike Comer
Batting: RHB Romelio Sierra 0-0: Fly out, F7 (Flyball, 78M, EV 85.6 MPH)
Batting: RHB Riley Frank 0-0: Foul Ball, location: 2F
0-1: Ball
1-1: Ball
2-1: Fly out, F9 (Flyball, 9, EV 96.9 MPH)
Batting: LHB Roansy Pera 0-0: Called Strike
0-1: Called Strike
0-2: Ball
1-2: Fly out, F8 (Flyball, 78M, EV 75.6 MPH)
Top of the 2nd over - 0 runs, 0 hits, 0 errors, 0 left on base; Sedona 1 - Yuma 1
BOTTOM OF THE 2ND
Yuma Gnomes batting - Pitching for Sedona Steers : RHP Yoely Castillo
Batting: RHB Chase Jones 0-0: Ball
1-0: Foul Ball, location: 2F
1-1: Foul Ball, location: 2F
1-2: Strikes out swinging
Batting: RHB J.J. Estrada 0-0: Ball
1-0: Called Strike
1-1: Ball
2-1: Swinging Strike
2-2: Ground out 5-3 (Groundball, 5S, EV 81.2 MPH)
Batting: RHB Sid Arriones 0-0: Called Strike
0-1: Foul Ball, location: 2F
0-2: Foul Ball, location: 2F
0-2: Ground out 5-3 (Groundball, 56, EV 83.1 MPH)
Bottom of the 2nd over - 0 runs, 0 hits, 0 errors, 0 left on base; Sedona 1 - Yuma 1
TOP OF THE 3RD
Sedona Steers batting - Pitching for Yuma Gnomes : LHP Mike Comer
Batting: LHB Delmar Gamino 0-0: Ball
1-0: Ball
2-0: Called Strike
2-1: Called Strike
2-2: Strikes out looking
Batting: RHB Jed Kelley 0-0: Ball
1-0: Ball
2-0: Swinging Strike
2-1: Foul Ball, location: 2F
2-2: Ball
3-2: Strikes out looking
Batting: LHB Roberto Casacos 0-0: Fly out, F9 (Flyball, 9D, EV 106.9 MPH)
Top of the 3rd over - 0 runs, 0 hits, 0 errors, 0 left on base; Sedona 1 - Yuma 1
BOTTOM OF THE 3RD
Yuma Gnomes batting - Pitching for Sedona Steers : RHP Yoely Castillo
Batting: SHB Erinyo Corral 0-0: Called Strike
0-1: Ball
1-1: Foul Ball, location: 2F
1-2: Ball
2-2: Ball
3-2: Ground out U3 (Groundball, 3S, EV 78.1 MPH)
Batting: RHB B.J. Trempe 0-0: Ball
1-0: Fly out, F8 (Flyball, 89M, EV 69.4 MPH)
Batting: RHB Adan Romero 0-0: Swinging Strike
0-1: Ball
1-1: Ball
2-1: Foul Ball, location: 2F
2-2: Ball
3-2: Fly out, F4 (Popup, 4S, EV 66.9 MPH)
Bottom of the 3rd over - 0 runs, 0 hits, 0 errors, 0 left on base; Sedona 1 - Yuma 1
TOP OF THE 4TH
Sedona Steers batting - Pitching for Yuma Gnomes : LHP Mike Comer
Batting: RHB Angel Fregoso 0-0: Ball
1-0: Swinging Strike
1-1: Foul Ball, location: 2F
1-2: Foul Ball, location: 2F
1-2: Strikes out swinging, 2-3 out at first.
Batting: RHB Adam Taylor 0-0: Hit by Pitch
Batting: LHB Beau Clair 0-0: Called Strike
0-1: Ball
1-1: Fly out, F8 (Flyball, 78D, EV 84.4 MPH)
Batting: RHB Romelio Sierra 0-0: Ball
1-0: Swinging Strike
1-1: Fly out, F8 (Flyball, 8RD, EV 99.4 MPH)
Top of the 4th over - 0 runs, 0 hits, 0 errors, 1 left on base; Sedona 1 - Yuma 1
BOTTOM OF THE 4TH
Yuma Gnomes batting - Pitching for Sedona Steers : RHP Yoely Castillo
Batting: SHB Riley Knotts 0-0: Ball
1-0: Fly out, F8 (Flyball, 8RD, EV 98.1 MPH)
Batting: RHB Buzz Smith 0-0: Ball
1-0: Ball
2-0: Swinging Strike
2-1: Called Strike
2-2: Ball
3-2: Base on Balls
Batting: LHB R.J. Scott 0-0: Called Strike
0-1: Ball
Buzz Smith is caught stealing 2nd base 2-6
1-1: Swinging Strike
1-2: Ball
2-2: Ball
3-2: Fly out, F7 (Flyball, 7D, EV 101.9 MPH)
Bottom of the 4th over - 0 runs, 0 hits, 0 errors, 0 left on base; Sedona 1 - Yuma 1
TOP OF THE 5TH
Sedona Steers batting - Pitching for Yuma Gnomes : LHP Mike Comer
Batting: RHB Riley Frank 0-0: Ball
1-0: Swinging Strike
1-1: Called Strike
1-2: Strikes out looking
Batting: LHB Roansy Pera 0-0: Called Strike
0-1: Fly out, F7 (Flyball, 7, EV 83.8 MPH)
Batting: LHB Delmar Gamino 0-0: Ball
1-0: Foul Ball, location: 2F
1-1: Ball
2-1: Foul Ball, location: 2F
2-2: Ground out 6-3 (Groundball, 6, EV 78.1 MPH)
Top of the 5th over - 0 runs, 0 hits, 0 errors, 0 left on base; Sedona 1 - Yuma 1
BOTTOM OF THE 5TH
Yuma Gnomes batting - Pitching for Sedona Steers : RHP Yoely Castillo
Batting: RHB Chase Jones 0-0: Ball
1-0: Bunt for hit to 15S - play at first, batter safe!
Batting: RHB J.J. Estrada 0-0: Bunted foul
0-1: Sac Bunt to 2R - play at first, batter OUT! 2-4
Chase Jones to second
Batting: RHB Sid Arriones 0-0: SINGLE (Groundball, 4MS, EV 70.0 MPH) (infield hit)
Chase Jones to third
Batting: SHB Erinyo Corral 0-0: Ball
1-0: Called Strike
1-1: Foul Ball, location: 2F
1-2: Ball
2-2: Ball
3-2: Fielders Choice at 2nd, 4-6 (Groundball, 4, EV 106.2 MPH)
Chase Jones scores
Pitching: LHP Kris Sheppard
Batting: RHB B.J. Trempe 0-0: Called Strike
0-1: Ball
Wild Pitch!
Erinyo Corral to second
1-1: Swinging Strike
1-2: Ball
Wild Pitch!
Erinyo Corral to third
2-2: Strikes out swinging
Bottom of the 5th over - 1 run, 2 hits, 0 errors, 1 left on base; Sedona 1 - Yuma 2
TOP OF THE 6TH
Sedona Steers batting - Pitching for Yuma Gnomes : LHP Mike Comer
Batting: RHB Jed Kelley 0-0: Ball
1-0: Ball
2-0: Ball
3-0: Called Strike
3-1: Swinging Strike
3-2: Foul Ball, location: 2F
3-2: Strikes out looking
Batting: LHB Roberto Casacos 0-0: Ball
1-0: Called Strike
1-1: Ball
2-1: Ball
3-1: Base on Balls
Pitching: RHP Beckett Holt
Batting: RHB Angel Fregoso 0-0: Fielders Choice at 2nd, 5-4 (Groundball, 5L, EV 80.6 MPH)
Batting: RHB Adam Taylor 0-0: Hit by Pitch
Angel Fregoso to second
Batting: LHB Beau Clair 0-0: Ball
1-0: SINGLE (Groundball, 6S, EV 63.8 MPH) (infield hit)
Angel Fregoso to third
Adam Taylor to second
Pinch Hitting: RHB Ronald LaPlant 0-0: Foul Ball, location: 2F
0-1: Called Strike
0-2: Ball
1-2: Ball
2-2: Fielders Choice at 2nd, 5-4 (Groundball, 56, EV 80.6 MPH)
Top of the 6th over - 0 runs, 1 hit, 0 errors, 3 left on base; Sedona 1 - Yuma 2
BOTTOM OF THE 6TH
Yuma Gnomes batting - Pitching for Sedona Steers : LHP Kris Sheppard
Pitching: RHP Cain Grewell
Now in CF: Derek Puchalski
Batting: RHB Adan Romero 0-0: Ball
1-0: Ball
2-0: Called Strike
2-1: Ball
3-1: Base on Balls
Batting: SHB Riley Knotts 0-0: Ball
1-0: Foul Ball, location: 2F
1-1: Ball
2-1: Ball
3-1: Base on Balls
Adan Romero to second
Batting: RHB Buzz Smith 0-0: Called Strike
0-1: Foul Ball, location: 2F
0-2: Ball
1-2: Ball
2-2: Foul Ball, location: 2F
2-2: Foul Ball, location: 2F
2-2: Ball
3-2: Foul Ball, location: 2F
3-2: Foul Ball, location: 2F
3-2: Foul Ball, location: 2F
3-2: Base on Balls
Adan Romero to third
Riley Knotts to second
Pitching: LHP Jack Gross
Batting: LHB R.J. Scott 0-0: Ball
1-0: Foul Ball, location: 2F
1-1: Foul Ball, location: 2F
1-2: DOUBLE (Line Drive, 7LM, EV 106.9 MPH)
Adan Romero scores
Riley Knotts scores
Buzz Smith to third
Batting: RHB Chase Jones 0-0: Ball
1-0: Ball
2-0: Ball
3-0: Called Strike
3-1: Base on Balls
Batting: RHB J.J. Estrada 0-0: Called Strike
0-1: Ball
1-1: Foul Ball, location: 2F
1-2: Ball
2-2: Strikes out swinging
Batting: RHB Sid Arriones 0-0: Called Strike
0-1: Called Strike
0-2: Ball
1-2: Strikes out swinging
Batting: SHB Erinyo Corral 0-0: Fly out, F9 (Flyball, 89M, EV 91.2 MPH)
Bottom of the 6th over - 2 runs, 1 hit, 0 errors, 3 left on base; Sedona 1 - Yuma 4
TOP OF THE 7TH
Sedona Steers batting - Pitching for Yuma Gnomes : RHP Beckett Holt
Batting: RHB Riley Frank 0-0: Swinging Strike
0-1: Swinging Strike
0-2: Ball
1-2: Strikes out swinging
Batting: LHB Roansy Pera 0-0: Called Strike
0-1: Swinging Strike
0-2: Strikes out looking
Batting: LHB Delmar Gamino 0-0: Ball
1-0: Foul Ball, location: 2F
1-1: Foul Ball, location: 2F
1-2: Ball
2-2: Ground out 4-3 (Groundball, 4, EV 91.2 MPH)
Top of the 7th over - 0 runs, 0 hits, 0 errors, 0 left on base; Sedona 1 - Yuma 4
BOTTOM OF THE 7TH
Yuma Gnomes batting - Pitching for Sedona Steers : LHP Jack Gross
Batting: RHB B.J. Trempe 0-0: Called Strike
0-1: Swinging Strike
0-2: Strikes out swinging
Batting: RHB Adan Romero 0-0: Called Strike
0-1: Foul Ball, location: 2F
0-2: Ball
1-2: Ball
2-2: Strikes out swinging
Batting: SHB Riley Knotts 0-0: Ball
1-0: Ball
2-0: Called Strike
2-1: Swinging Strike
2-2: Strikes out swinging
Bottom of the 7th over - 0 runs, 0 hits, 0 errors, 0 left on base; Sedona 1 - Yuma 4
TOP OF THE 8TH
Sedona Steers batting - Pitching for Yuma Gnomes : RHP Beckett Holt
Batting: RHB Jed Kelley 0-0: Ball
1-0: Ground out 4-3 (Groundball, 4, EV 98.1 MPH)
Batting: LHB Roberto Casacos 0-0: Called Strike
0-1: Ball
1-1: Ball
2-1: Foul Ball, location: 2F
2-2: Foul Ball, location: 2F
2-2: Fly out, F7 (Line Drive, 7, EV 93.1 MPH)
Batting: RHB Angel Fregoso 0-0: SINGLE (Line Drive, 8LM, EV 105.0 MPH)
Batting: RHB Adam Taylor 0-0: Foul Ball, location: 2F
0-1: Fly out, F8 (Flyball, 78XD, EV 108.8 MPH)
Top of the 8th over - 0 runs, 1 hit, 0 errors, 1 left on base; Sedona 1 - Yuma 4
BOTTOM OF THE 8TH
Yuma Gnomes batting - Pitching for Sedona Steers : LHP Jack Gross
Batting: RHB Buzz Smith 0-0: Foul Ball, location: 2F
0-1: Ball
1-1: Ball
2-1: Foul Ball, location: 2F
2-2: Foul Ball, location: 2F
2-2: Ball
3-2: Fly out, F8 (Line Drive, 8LM, EV 93.8 MPH)
Batting: LHB R.J. Scott 0-0: Ball
1-0: Called Strike
1-1: Ball
2-1: SOLO HOME RUN (Flyball, 9D, EV 99.4 MPH), Distance : 368 ft
Batting: RHB Chase Jones 0-0: Ground out 6-3 (Groundball, 6, EV 87.5 MPH)
Batting: RHB J.J. Estrada 0-0: SINGLE (Line Drive, 34D, EV 108.8 MPH)
Pitching: RHP Brian Engelman
Batting: RHB Sid Arriones 0-0: Foul Ball, location: 2F
0-1: Ball
1-1: Foul Ball, location: 2F
1-2: Ball
2-2: Foul Ball, location: 2F
2-2: Foul Ball, location: 2F
2-2: Foul Ball, location: 2F
2-2: Ball
3-2: Base on Balls
J.J. Estrada to second
Batting: SHB Erinyo Corral 0-0: Foul Ball, location: 2F
0-1: Ball
1-1: Ball
2-1: Fielders Choice at 2nd, 5-4 (Groundball, 56, EV 84.4 MPH)
Bottom of the 8th over - 1 run, 2 hits, 0 errors, 2 left on base; Sedona 1 - Yuma 5
TOP OF THE 9TH
Sedona Steers batting - Pitching for Yuma Gnomes : RHP Beckett Holt
Batting: LHB Beau Clair 0-0: Foul Ball, location: 2F
0-1: Ball
1-1: SINGLE (Groundball, 6D, EV 109.4 MPH)
Batting: RHB Derek Puchalski
Pinch Hitting: SHB Steve Franklin 0-0: Foul Ball, location: 2F
0-1: Ball
1-1: Ball
2-1: Ball
3-1: Base on Balls
Beau Clair to second
Pitching: RHP Stewie Genie
Batting: RHB Riley Frank 0-0: Foul Ball, location: 2F
0-1: Swinging Strike
0-2: Grounds into double play, 6-4-3 (Groundball, 6, EV 78.8 MPH)
Beau Clair to third
Batting: LHB Roansy Pera 0-0: Reached on error, E7 (Flyball, 7LD, EV 85.6 MPH)
Beau Clair scores
Batting: LHB Delmar Gamino 0-0: Ball
1-0: Called Strike
1-1: SINGLE (Line Drive, 34D, EV 95.6 MPH)
Roansy Pera to third
Batting: RHB Jed Kelley 0-0: Ball
1-0: Called Strike
1-1: Ground out U3 (Groundball, 34S, EV 90.0 MPH)
Top of the 9th over - 1 run, 2 hits, 1 error, 2 left on base; Sedona 2 - Yuma 5
Tuesday, June 4th , 2024 - OOTP Baseball 25.5 Build 67